 Dungeon Crawl Stone Soup version 0.32-a0-401-g0bcb2a7693 (webtiles) character file.

Game seed: 3039993276136211064

797 Querens the Trooper (level 7, -8/57 HPs)
             Began as a Coglin Fighter on Feb 20, 2024.
             Mangled by an ogre
             ... wielding a +0 giant club
              (34 damage)
             ... on level 5 of the Dungeon.
             The game lasted 00:13:22 (2544 turns).

Querens the Trooper (Coglin Fighter)                Turns: 2544, Time: 00:13:22

Health: -8/57      AC:  8    Str: 19 (22) XL:     7   Next: 89%
Magic:  7/7        EV:  9    Int:  6 (7)  God:
Gold:   124        SH:  4    Dex: 12      Spells: 6/6 levels left

rFire   + . .        a - +1 war axe {Dunstan}
rCold   . . .        c - +0 buckler
rNeg    . . .        b - +0 scale mail
rPois   .            (no helmet)
rElec   .            (no cloak)
rCorr   .            f - +0 pair of gloves
SInv    .            (no boots)
Will    .....        l - amulet of the acrobat Stlth
                     (no ring)
HPRegen 0.29/turn    (no ring)
MPRegen 0.10/turn

%: acrobat
@: immotile, revved
A: off-hand wielding, slow wielding, warmup strikes, legs shutdown, fire
resistance 1, strong 1
a: no special abilities


You were on level 5 of the Dungeon.
You visited 2 branches of the dungeon, and saw 6 of its levels.

You collected 124 gold pieces.

Inventory:

Hand Weapons
 a - a +1 war axe (weapon) {Dunstan}
Armour
 b - a +0 scale mail (worn)
 c - a +0 buckler (worn)
 f - a +0 pair of gloves (worn)
Jewellery
 l - an amulet of the acrobat (around neck)
Scrolls
 e - 2 scrolls of revelation
 h - 2 scrolls of enchant weapon
 j - 2 scrolls of amnesia {unknown}
 k - a scroll of fog {unknown}
 m - a scroll of blinking {unknown}
 q - 2 scrolls of identify {unknown}
 r - a scroll of vulnerability {unknown}
Potions
 d - a potion of berserk rage {unknown}
 i - 2 potions of lignification
 o - 3 potions of enlightenment
 t - 2 potions of brilliance


   Skills:
 + Level 5.8 Fighting
 + Level 5.2 Axes
 + Level 5.2 Armour
 - Level 2.2 Shields


You had 6 spell levels left.
You didn't know any spells.
Your spell library contained the following spells:

 Spells                   Type           Power      Damage    Failure   Level
 Foxfire                  Conj/Fire      0%         2x1d4     87%         1
 Magic Dart               Conj           0%         1d3       87%         1
 Necrotise                Necr           0%         1d4       87%         1
 Cigotuvi's Dreadful Rot  Necr/Alch/Air  0%         N/A       95%         2
 Ensorcelled Hibernation  Hex/Ice        0%         N/A       95%         2
 Lesser Beckoning         Tloc           0%         N/A       95%         2
 Searing Ray              Conj           0%         2d4       95%         2
 Frozen Ramparts          Ice            0%         1d1       99%         3
 Fugue of the Fallen      Necr           0%         N/A       99%         3
 Gell's Gravitas          Tloc           0%         N/A       99%         3
 Ozocubu's Armour         Ice            0%         N/A       99%         3
 Teleport Other           Tloc           0%         N/A       99%         3
 Tukima's Dance           Hex            0%         N/A       99%         3
 Vampiric Draining        Necr           0%         2d6       99%         3
 Anguish                  Hex/Necr       0%         N/A       100%        4
 Dimensional Bullseye     Hex/Tloc       0%         N/A       100%        4
 Fulminant Prism          Conj/Alch      0%         3d5       100%        4
 Ignite Poison            Fire/Alch      0%         N/A       100%        4
 Iskenderun's Mystic Bla  Conj/Tloc      0%         2d3       100%        4
 Martyr's Knell           Necr/Summ      0%         N/A       100%        4
 Curse of Agony           Necr           0%         N/A       100%        5
 Freezing Cloud           Conj/Ice/Air   0%         6-21      100%        5
 Bombard                  Conj/Erth      0%         9d1       100%        6
 Starburst                Conj/Fire      0%         6d3       100%        6


Dungeon Overview and Level Annotations

Branches:
Dungeon (5/15)             Temple (1/1) D:4

Altars:
Ashenzari
Cheibriados
Dithmenos
Fedhas
Gozag
Hepliaklqana
Nemelex Xobeh
Ru
Uskayaw
Xom
Yredelemnul
The Shining One

Shops:
D:2 *   D:3 !


Innate Abilities, Weirdness & Mutations

You can wield a second weapon in your off-hand.
It takes a long time for you to wield or remove held weapons.
Your first few attacks do less damage.
Attacking and casting redirects power from your legs.
Your flesh is heat resistant. (rF+)
Your muscles are strong. (Str +4, Int/Dex -1)


Message History

You see here an adder corpse.
d - a bubbling inky potion
Found a dagger.
You see here a +0 dagger.
Found a whip and a scroll of revelation.
Found a plate armour.
An iguana comes into view.
The iguana hisses angrily.
You see here a +0 whip.
You see here a scroll of revelation.
There are no items here.
You see here a scroll of revelation.
e - 2 scrolls of revelation (gained 1)
The iguana completely misses you.
You hit the iguana.
The iguana is moderately wounded.
The iguana bites you.
The iguana hisses menacingly.
The iguana closely misses you.
You slash the iguana!
The iguana is almost dead.
You block the iguana's attack.
You barely miss the iguana.
The iguana is almost dead.
The iguana barely misses you.
You hit the iguana.
You kill the iguana!
You cannot move.
You cannot move.
You are no longer unable to travel.
You see here a +0 whip.
The ogre shouts!
You hit the ogre.
The ogre is lightly wounded.
The ogre hits you with a +0 giant club!!
You closely miss the ogre.
The ogre is lightly wounded.
The ogre hits you with a +0 giant club!!
Ouch! That really hurt!
You die...

...#****,,* #....,,,,**,*,*
*,* ##.#*
**,,*##[..#**###,,*,* *,*
#**,***,,,*#^....,,..#,**,*
*,** #
**,,,*,,**....#**#.#,#*,*
*,,, # **,,,,,,,,...#
#.#.#*,* **** #
****,,**,#..####.#.#*,* * #
*,,,,,#..#......**,* * #
*#.####.O#.##.####.# * #
#.......@)........# * #
#######.####.###### * # #.#
#.#***********
###############.#
#..,,,,,,,,,,,
##........).....#
####**********
##.############## ..#.#
##.## *##


You could see an ogre.

Vanquished Creatures
  Sigmund (D:2)
  Eustachio (D:4)
  An ice beast (D:5)
  An ogre (D:4)
  A scorpion (D:4)
  2 iguanas
  6 adders
  2 ufetubi (D:5)
  A dart slug (D:5)
  3 ribbon worms
  5 orcs
  5 ball pythons
  9 endoplasms
  3 giant cockroaches
  2 hobgoblins
  8 jackals
  3 quokkas
  5 bats
  A frilled lizard (D:1)
  11 goblins
  5 kobolds
  9 rats
85 creatures vanquished.

Notes
Turn   | Place    | Note
-------+----------+-------------------------------------------
     0 | D:1      | Querens the Coglin Fighter began the quest for the Orb.
     0 | D:1      | Reached XP level 1. HP: 18/18 MP: 1/1
   199 | D:1      | Reached XP level 2. HP: 12/24 MP: 2/2
   296 | D:1      | Reached XP level 3. HP: 25/29 MP: 3/3
   409 | D:2      | Found Tystyaq's General Store.
   503 | D:2      | Reached XP level 4. HP: 37/37 MP: 4/4
   515 | D:2      | Got the Compilation of the Intense Chill
   673 | D:2      | Noticed Sigmund
   692 | D:2      | Killed Sigmund
   693 | D:2      | Reached XP level 5. HP: 32/43 MP: 5/5
   693 | D:2      | Reached XP level 6. HP: 36/49 MP: 6/6
   847 | D:3      | Found Danog's Distillery.
   917 | D:3      | Found an opulent altar of Gozag.
  1662 | D:4      | Noticed Eustachio
  1684 | D:4      | Reached skill level 5 in Fighting
  1684 | D:4      | HP: 3/76 [river rat[Eustachio] (7)]
  1685 | D:4      | HP: 1/76 [Eustachio/+0 falchion (1)]
  1688 | D:4      | Gained mutation: Your muscles are strong. (Str +4, Int/Dex
                  | -1) [potion of mutation]
  1688 | D:4      | Gained mutation: Your flesh is heat resistant. (rF+)
                  | [potion of mutation]
  1690 | D:4      | Killed Eustachio
  1691 | D:4      | Reached XP level 7. HP: 3/56 MP: 7/7
  2059 | D:4      | Found a staircase to the Ecumenical Temple.
  2066 | Temple   | Entered the Ecumenical Temple
  2226 | D:5      | Entered Level 5 of the Dungeon
  2244 | D:5      | Reached skill level 5 in Axes
  2244 | D:5      | Reached skill level 5 in Armour
  2544 | D:5      | Mangled by an ogre

Illustrated notes

Levels and vault maps discovered:
D:1:      ebering_trefoil_twist, layout_basic
D:2:      minmay_wonky_spiral, layout_rooms, serial_shops, nicolae_shop_crystal,
          uniq_sigmund
D:3:      layout_loops_corners, grunt_gozag_statues, serial_shops,
          nicolae_shop_peninsula, grunt_ministairs_13
D:4:      layout_gridville, temple_statues, hangedman_decor_push, uniq_eustachio
D:5:      layout_loops_ring, grunt_temple_overflow_magic_moments
Temple:   chequers_temple_sunken

Skill      XL: |  1  2  3  4  5  6  7 |
---------------+----------------------+-----
Armour         | 3 4 5 |  5.2
Axes           | 3 4 5 |  5.2
Fighting       | 4 5 |  5.8
Shields        | |  2.2

Action                     |  1- 3 |  4- 6 |  7- 9 || total
---------------------------+-------+-------+-------++-------
  Melee: War axe           |    74 |    90 |    77 ||   241
    Use: Potion            |       |     8 |       ||     8
         Scroll            |       |       |     2 ||     2
 Armour: Scale mail        |    65 |    59 |    48 ||   172
         Skin              |       |    25 |       ||    25
  Dodge: Dodged            |    47 |    59 |    44 ||   150
  Block: Buckler           |    22 |    22 |    17 ||    61

Table legend: (Time is in decaauts)
 A = Elapsed time spent in this place.
 B = Non-inter-level travel time spent in this place.
 C = Inter-level travel time spent in this place.
 D = Time resting spent in this place.
 E = Time spent auto-exploring this place.
 F = Levels seen in this place.
 G = Mean time per level.
                   A        B        C        D        E       F      G
               +--------+--------+--------+--------+--------+-----+--------+
         Total |   2614 |   2398 |    216 |      7 |      0 |   6 |  435.7 |
       Dungeon |   2612 |   2396 |    216 |      7 |      0 |   5 |  522.4 |
        Temple |      1 |      1 |      0 |      0 |      0 |   1 |    1.0 |
               +--------+--------+--------+--------+--------+-----+--------+

Top non-repeatable levels by time:
     D:4: 928 daAuts
     D:3: 745 daAuts
     D:1: 394 daAuts
     D:2: 361 daAuts
     D:5: 182 daAuts
  Temple: 1 daAuts
